Panthers vs Jets

Created - 2 novembre 2017 at 18:14

Goals
1 2 3 T
Panthers 0 1 0 1
Jets 0 2 1 3
Shots
1 2 3 T
Panthers 11 15 7 33
Jets 7 9 15 31

1st period

No Goal

Penalties :
Josh Manson (WIN) for Tripping (Minor) at 11:12, Josh Manson (WIN) for Interference (Minor) at 14:54, Andrew Ladd (FLA) for Roughing (Minor) at 19:07

2nd period

1. Jets , Nathan MacKinnon 10 (Wayne Simmonds 8, Marian Hossa 3) at 0:14 (PP)
2. Panthers , Andrew Ladd 2 (Jay Bouwmeester 4, Pekka Rinne) at 6:42 (SH)
3. Jets , Nathan MacKinnon 11 (Josh Manson 4) at 15:53 (PP)

Penalties :
Adam McQuaid (FLA) for Hooking (Minor) at 4:57, Corey Tropp (FLA) for Roughing (Double Minor) at 7:52, Adam McQuaid (FLA) for Elbowing (Minor) at 14:56

3rd period

4. Jets , Eric Fehr 2 (Troy Brouwer 5, Alex Galchenyuk 5) at 7:27 (PP)

Penalties :
Kyle Brodziak (FLA) for Hooking (Minor) at 7:21, Troy Brouwer (WIN) for Slashing (Minor) at 14:27

Goalie Stats

Pekka Rinne (FLA), 28 saves from 31 shots - (0,903), L, 2-5-0, 60:00 minutes
Craig Anderson (WIN), 32 saves from 33 shots - (0,970), W, 4-4-2, 60:00 minutes

Players Stats for Panthers

Player Name              G  A  P  +/- PIM S  H  SB GA TA FO     MP     PP MP  PK MP  
------------------------------------------------------------------------------------
Adam McQuaid             0  0  0   0  4   1  2  1  0  0  0/0    23:28   2:52   2:00 
Alec Martinez            0  0  0   0  0   0  0  1  0  0  0/0    19:49   0:01   2:45 
Aleksander Barkov        0  0  0   1  0   6  0  0  1  0  7/17   20:06   2:10   0:35 
Ales Hemsky              0  0  0   0  0   1  1  0  1  0  0/0    15:52   2:55   4:07 
Andrew Ladd              1  0  1   1  2   3  4  0  0  0  0/0    17:36   2:55   1:35 
Blake Comeau             0  0  0   0  0   2  2  0  0  0  0/0     9:50   0:40   2:17 
Corey Tropp              0  0  0   0  4   2  0  1  0  0  0/0     8:15   0:00   0:00 
Devante Smith-Pelly      0  0  0   0  0   0  2  0  0  0  0/2    15:07   0:22   1:26 
Fedor Tyutin             0  0  0   0  0   0  1  1  0  0  0/0    11:00   0:00   1:24 
J.T. Miller              0  0  0   0  0   4  2  1  1  0  1/1    19:22   2:08   0:00 
Jakub Kindl              0  0  0   1  0   0  1  0  1  1  0/0    23:21   3:04   4:44 
Jay Bouwmeester          0  1  1   1  0   2  1  3  1  2  0/0    28:02   2:08   4:38 
Josh Jooris              0  0  0   0  0   0  2  0  0  0  3/4     7:06   0:13   0:00 
Kyle Brodziak            0  0  0   0  2   2  1  0  0  0  1/11   13:24   0:46   3:59 
Mats Zuccarello          0  0  0   0  0   5  4  0  1  0  0/0    19:23   2:10   0:00 
Matt Moulson             0  0  0   0  0   0  0  0  0  0  0/0     7:45   0:37   0:00 
Nathan Beaulieu          0  0  0   0  0   2  0  1  0  0  0/0    14:22   3:49   0:45 
Tomas Plekanec           0  0  0   0  0   3  0  0  0  2  13/21  17:59   2:55   2:17 

Players Stats for Jets

Player Name              G  A  P  +/- PIM S  H  SB GA TA FO     MP     PP MP  PK MP  
------------------------------------------------------------------------------------
Alex Galchenyuk          0  1  1  -1  0   5  1  0  0  0  12/21  19:33   3:13   1:23 
Anton Lindholm           0  0  0   0  0   0  0  0  0  1  0/0    11:55   0:16   1:17 
Brett Ritchie            0  0  0   0  0   2  0  0  1  0  0/0    11:05   0:00   0:00 
Colton Sissons           0  0  0   0  0   0  1  0  0  0  3/4     7:05   1:00   0:34 
Eric Fehr                1  0  1  -1  0   2  1  0  0  0  0/1    17:50   3:13   0:00 
Frederick Gaudreau       0  0  0   0  0   0  0  0  0  0  0/0     3:54   1:00   0:00 
Jacob Josefson           0  0  0   0  0   1  1  0  1  0  0/0    13:26   0:00   1:24 
Jay McClement            0  0  0   0  0   0  1  0  0  0  1/4    12:56   1:00   0:00 
Jimmy Vesey              0  0  0   0  0   3  0  0  0  1  0/0     6:27   0:00   1:03 
Josh Manson              0  1  1   0  4   3  5  1  0  0  0/0    24:23   4:37   0:09 
Joshua Morrissey         0  0  0  -1  0   0  4  2  0  0  0/0    21:48   3:15   2:25 
Marian Hossa             0  1  1   0  0   1  1  1  0  1  1/2    18:12   3:55   0:55 
Mark Pysyk               0  0  0   0  0   1  2  2  0  2  0/0    26:47   4:37   2:45 
Nate Prosser             0  0  0  -1  0   0  4  1  0  0  0/0    21:50   3:17   2:25 
Nathan MacKinnon         2  0  2   0  0   5  2  0  1  0  14/24  24:45   3:55   3:27 
Nathan Paetsch           0  0  0   0  0   0  1  0  0  0  0/0    13:29   0:14   2:53 
Troy Brouwer             0  1  1  -1  2   1  3  0  1  0  0/0    17:56   3:13   0:00 
Wayne Simmonds           0  1  1   0  0   7  4  1  1  1  0/0    20:39   3:55   3:08 

3 Stars

1 - Craig Anderson (WIN)
2 - Nathan MacKinnon (WIN)
3 - Wayne Simmonds (WIN)

Power Play

Panthers - 0 on 3 Attempt(s) - 0,00%
Jets - 3 on 6 Attempt(s) - 50,00%

Penalty Kill

Panthers - 3 on 6 Attempt(s) - 50,00% - Score 1 goal in Penalty Kill
Jets - 3 on 3 Attempt(s) - 100,00% - Score 0 goal in Penalty Kill

Team Stat

Panthers - Hits : 23 - Faceoff Wins : 25 - Blocked Shots : 9 - Penalty Minutes : 12
Jets - Hits : 31 - Faceoff Wins : 31 - Blocked Shots : 8 - Penalty Minutes : 6

Official

Referees : Ghislain Hebert and Kendrick Nicholson
Linesman : Mike Cvik and Jay Sharrers

Game Notes

No Game Note

Finance

Level 1 -- Attendance: 5206 (86,77%) -- Ticket Income 468 540 $
Level 2 -- Attendance: 4877 (97,54%) -- Ticket Income 268 235 $
Level 3 -- Attendance: 1372 (68,60%) -- Ticket Income 54 880 $
Level 4 -- Attendance: 3618 (90,45%) -- Ticket Income 79 596 $
Luxury Box -- Attendance: 686 (68,60%) -- Ticket Income 137 200 $
Game was played at the No Name Arena.
Total Attendance: 15759 (87,55%)
Total Ticket Income: 1 008 451 $
Other Income: 494 141 $
Total Income: 1 502 592 $

Panthers

5 vs 5 Forward 
   Center                   Left Wing                Right Wing               Time % Phy DF OF 
 1 Aleksander Barkov        Mats Zuccarello          J.T. Miller              35     0   3  2  
 2 Tomas Plekanec           Andrew Ladd              Devante Smith-Pelly      32     0   4  1  
 3 Kyle Brodziak            Corey Tropp              Ales Hemsky              21     0   4  1  
 4 Josh Jooris              Blake Comeau             Matt Moulson             12     0   4  1  

5 vs 5 Defense 
   Defense                  Defense                                           Time % Phy DF OF 
 1 Adam McQuaid             Jay Bouwmeester                                   40     1   2  2  
 2 Alec Martinez            Jakub Kindl                                       30     1   2  2  
 3 Nathan Beaulieu          Fedor Tyutin                                      20     1   2  2  
 4 Alec Martinez            Jay Bouwmeester                                   10     1   2  2  

PowerPlay Forward 
   Center                   Left Wing                Right Wing               Time % Phy DF OF 
 1 Aleksander Barkov        Mats Zuccarello          J.T. Miller              60     1   0  4  
 2 Tomas Plekanec           Andrew Ladd              Ales Hemsky              40     1   2  2  

PowerPlay Defense
   Defense                  Defense                                           Time % Phy DF OF 
 1 Nathan Beaulieu          Jakub Kindl                                       60     1   1  3  
 2 Jay Bouwmeester          Adam McQuaid                                      40     1   2  2  

Penalty Kill 4 Players Forward 
   Center                   Wing                     Time % Phy DF OF 
 1 Kyle Brodziak            Ales Hemsky              60     1   2  2  
 2 Tomas Plekanec           Blake Comeau             40     1   2  2  

Penalty Kill 4 Players Defense
   Defense                  Defense                  Time % Phy DF OF 
 1 Jakub Kindl              Jay Bouwmeester          60     1   2  2  
 2 Alec Martinez            Adam McQuaid             40     1   2  2  

Penalty Kill - 3 Players Forward 
   Forward                                           Time % Phy DF OF 
 1 Ales Hemsky                                       60     1   2  2  
 2 Andrew Ladd                                       40     1   2  2  

Penalty Kill - 3 Players Defense
   Defense                  Defense                  Time % Phy DF OF 
 1 Nathan Beaulieu          Jay Bouwmeester          60     1   2  2  
 2 Alec Martinez            Adam McQuaid             40     1   2  2  

4 vs 4 Forward 
   Center                   Wing                     Time % Phy DF OF 
 1 Aleksander Barkov        Mats Zuccarello          60     1   2  2  
 2 J.T. Miller              Ales Hemsky              40     1   2  2  

4 vs 4 Defense
   Defense                  Defense                  Time % Phy DF OF 
 1 Nathan Beaulieu          Jay Bouwmeester          60     1   2  2  
 2 Alec Martinez            Adam McQuaid             40     1   2  2  

Last Minutes Offensive
   Center                   Left Wing                Right Wing               Defense                  Defense                  
   Aleksander Barkov        Mats Zuccarello          J.T. Miller              Nathan Beaulieu          Jakub Kindl              

Last Minutes Defensive
   Center                   Left Wing                Right Wing               Defense                  Defense                  
   Tomas Plekanec           Andrew Ladd              Kyle Brodziak            Adam McQuaid             Jay Bouwmeester          

Goaltenders
Starting : Pekka Rinne              
Backup : Carter Hutton            

Extra Forwards
Normal : Kyle Brodziak, Matt Moulson, Devante Smith-Pelly - PP : Kyle Brodziak, Matt Moulson - PK : Devante Smith-Pelly
Extra Defensemen
Normal : Jay Bouwmeester, Jakub Kindl, Alec Martinez - PP : Jay Bouwmeester - PK : Jakub Kindl, Alec Martinez
Penalty Shots
Mats Zuccarello, Aleksander Barkov, J.T. Miller, Tomas Plekanec, Blake Comeau
Custom OT Lines Forwards
Mats Zuccarello, Aleksander Barkov, J.T. Miller, Tomas Plekanec, Andrew Ladd, Ales Hemsky, Kyle Brodziak, Matt Moulson, Devante Smith-Pelly, Corey Tropp
Custom OT Lines Defensemen
Nathan Beaulieu, Jay Bouwmeester, Alec Martinez, Adam McQuaid, Fedor Tyutin

Scratches
Matt Greene (Sprained Right Ankle Injury), Ryan White (Healthy)

Jets

5 vs 5 Forward 
   Center                   Left Wing                Right Wing               Time % Phy DF OF 
 1 Nathan MacKinnon         Wayne Simmonds           Marian Hossa             40     1   2  2  
 2 Alex Galchenyuk          Eric Fehr                Troy Brouwer             30     1   2  2  
 3 Jay McClement            Jacob Josefson           Brett Ritchie            20     1   2  2  
 4 Colton Sissons           Jimmy Vesey              Nathan MacKinnon         10     1   2  2  

5 vs 5 Defense 
   Defense                  Defense                                           Time % Phy DF OF 
 1 Josh Manson              Mark Pysyk                                        40     1   2  2  
 2 Joshua Morrissey         Nate Prosser                                      30     1   2  2  
 3 Anton Lindholm           Nathan Paetsch                                    20     1   2  2  
 4 Josh Manson              Mark Pysyk                                        10     1   2  2  

PowerPlay Forward 
   Center                   Left Wing                Right Wing               Time % Phy DF OF 
 1 Nathan MacKinnon         Wayne Simmonds           Marian Hossa             60     1   2  2  
 2 Alex Galchenyuk          Eric Fehr                Troy Brouwer             40     1   2  2  

PowerPlay Defense
   Defense                  Defense                                           Time % Phy DF OF 
 1 Josh Manson              Mark Pysyk                                        60     1   2  2  
 2 Joshua Morrissey         Nate Prosser                                      40     1   2  2  

Penalty Kill 4 Players Forward 
   Center                   Wing                     Time % Phy DF OF 
 1 Nathan MacKinnon         Wayne Simmonds           60     1   2  2  
 2 Marian Hossa             Alex Galchenyuk          40     1   2  2  

Penalty Kill 4 Players Defense
   Defense                  Defense                  Time % Phy DF OF 
 1 Josh Manson              Mark Pysyk               60     1   2  2  
 2 Joshua Morrissey         Nate Prosser             40     1   2  2  

Penalty Kill - 3 Players Forward 
   Forward                                           Time % Phy DF OF 
 1 Nathan MacKinnon                                  60     1   2  2  
 2 Wayne Simmonds                                    40     1   2  2  

Penalty Kill - 3 Players Defense
   Defense                  Defense                  Time % Phy DF OF 
 1 Josh Manson              Mark Pysyk               60     1   2  2  
 2 Joshua Morrissey         Nate Prosser             40     1   2  2  

4 vs 4 Forward 
   Center                   Wing                     Time % Phy DF OF 
 1 Nathan MacKinnon         Wayne Simmonds           60     1   2  2  
 2 Marian Hossa             Alex Galchenyuk          40     1   2  2  

4 vs 4 Defense
   Defense                  Defense                  Time % Phy DF OF 
 1 Josh Manson              Mark Pysyk               60     1   2  2  
 2 Joshua Morrissey         Nate Prosser             40     1   2  2  

Last Minutes Offensive
   Center                   Left Wing                Right Wing               Defense                  Defense                  
   Nathan MacKinnon         Wayne Simmonds           Marian Hossa             Josh Manson              Mark Pysyk               

Last Minutes Defensive
   Center                   Left Wing                Right Wing               Defense                  Defense                  
   Nathan MacKinnon         Wayne Simmonds           Marian Hossa             Josh Manson              Mark Pysyk               

Goaltenders
Starting : Craig Anderson           
Backup : Anton Forsberg           

Extra Forwards
Normal : Frederick Gaudreau, Jay McClement, Jacob Josefson - PP : Frederick Gaudreau, Jay McClement - PK : Jacob Josefson
Extra Defensemen
Normal : Anton Lindholm, Nathan Paetsch, Joshua Morrissey - PP : Anton Lindholm - PK : Nathan Paetsch, Joshua Morrissey
Penalty Shots
Nathan MacKinnon, Wayne Simmonds, Marian Hossa, Alex Galchenyuk, Troy Brouwer
Custom OT Lines Forwards
Nathan MacKinnon, Wayne Simmonds, Marian Hossa, Alex Galchenyuk, Troy Brouwer, Eric Fehr, Jay McClement, Jacob Josefson, Brett Ritchie, Colton Sissons
Custom OT Lines Defensemen
Josh Manson, Mark Pysyk, Joshua Morrissey, Nate Prosser, Anton Lindholm

Scratches
Duncan Keith (Healthy), Josh Gorges (Healthy), Travis Hamonic (Right Leg Injury), Ondrej Pavelec (Healthy), Magnus Hellberg (Healthy)

% Time on Ice - Panthers

Lines # - Real PCT - Wanted PCT - Time Play
Normal Forward
1 - 38% - 35% - 17:37
2 - 32% - 32% - 14:36
3 - 16% - 21% - 7:29
4 - 14% - 12% - 6:13
Normal Defense
1 - 43% - 40% - 19:37
2 - 33% - 30% - 15:19
3 - 20% - 20% - 9:15
4 - 4% - 10% - 1:44
PP Forward
1 - 51% - 60% - 3:02
2 - 49% - 40% - 2:55
PP Defense
1 - 64% - 60% - 3:49
2 - 36% - 40% - 2:08
PK Forward
1 - 72% - 60% - 5:51
2 - 28% - 40% - 2:17
PK Defense
1 - 67% - 60% - 5:29
2 - 33% - 40% - 2:39
PK3 Forward
1 - 0% - 60%
2 - 0% - 40%
PK3 Defense
1 - 0% - 60%
2 - 0% - 40%
44 Forward
1 - 0% - 60%
2 - 0% - 40%
44 Defense
1 - 0% - 60%
2 - 0% - 40%
Last Minute Offensive  - 0:00
Last Minute Defensive  - 0:00
Total
Forward - 60:00
Defense - 60:00

% Time on Ice - Jets

Lines # - Real PCT - Wanted PCT - Time Play
Normal Forward
1 - 30% - 40% - 13:36
2 - 36% - 30% - 16:19
3 - 24% - 20% - 11:05
4 - 11% - 10% - 4:55
Normal Defense
1 - 40% - 40% - 18:10
2 - 35% - 30% - 15:51
3 - 22% - 20% - 10:01
4 - 4% - 10% - 1:53
PP Forward
1 - 60% - 60% - 4:55
2 - 40% - 40% - 3:13
PP Defense
1 - 60% - 60% - 4:53
2 - 40% - 40% - 3:15
PK Forward
1 - 85% - 60% - 5:02
2 - 15% - 40% - 0:55
PK Defense
1 - 59% - 60% - 3:32
2 - 41% - 40% - 2:25
PK3 Forward
1 - 0% - 60%
2 - 0% - 40%
PK3 Defense
1 - 0% - 60%
2 - 0% - 40%
44 Forward
1 - 0% - 60%
2 - 0% - 40%
44 Defense
1 - 0% - 60%
2 - 0% - 40%
Last Minute Offensive  - 0:00
Last Minute Defensive  - 0:00
Total
Forward - 60:00
Defense - 60:00

Play by Play

1st period


0:01 of 1st period - Nathan MacKinnon wins face-off versus Aleksander Barkov in neutral zone.
0:53 of 1st period - Wrist shot by Corey Tropp.
0:53 of 1st period - Stopped by Craig Anderson without a rebound.
0:54 of 1st period - Josh Jooris wins face-off versus Colton Sissons in Jets zone.
0:55 of 1st period - Wrist shot by Matt Moulson.
0:55 of 1st period - Shot Misses the Net.
1:10 of 1st period - Wrist shot by Matt Moulson.
1:10 of 1st period - Shot Misses the Net.
1:16 of 1st period - Nathan MacKinnon is hit by Josh Jooris and loses puck.
1:31 of 1st period - Snap shot by Blake Comeau.
1:31 of 1st period - Stopped by Craig Anderson with a rebound.
1:59 of 1st period - Slapshot by Jimmy Vesey.
1:59 of 1st period - Stopped by Pekka Rinne without a rebound.
2:00 of 1st period - Alex Galchenyuk wins face-off versus Aleksander Barkov in Panthers zone.
2:03 of 1st period - Snap shot by Alex Galchenyuk.
2:03 of 1st period - Shot Blocked by Jay Bouwmeester.
2:05 of 1st period - Slapshot by Nathan Paetsch.
2:05 of 1st period - Deflect By Alex Galchenyuk.
2:05 of 1st period - Stopped by Pekka Rinne without a rebound.
2:06 of 1st period - Alex Galchenyuk wins face-off versus Aleksander Barkov in Panthers zone.
2:18 of 1st period - Icing by Aleksander Barkov.
2:19 of 1st period - Jay McClement wins face-off versus Aleksander Barkov in Panthers zone.
2:20 of 1st period - Wrist shot by Jacob Josefson.
2:20 of 1st period - Shot Hit the Post.
2:56 of 1st period - Snap shot by Aleksander Barkov.
2:56 of 1st period - Shot Blocked by Josh Manson.
4:07 of 1st period - Slapshot by Jacob Josefson.
4:07 of 1st period - Stopped by Pekka Rinne with a rebound.
4:09 of 1st period - Wrist shot by Jay McClement.
4:09 of 1st period - Shot Misses the Net.
4:11 of 1st period - Slapshot by Brett Ritchie.
4:11 of 1st period - Stopped by Pekka Rinne without a rebound.
4:12 of 1st period - Tomas Plekanec wins face-off versus Nathan MacKinnon in Panthers zone.
4:39 of 1st period - Eric Fehr is hit by Ales Hemsky and loses puck.
5:06 of 1st period - Colton Sissons is hit by Blake Comeau and loses puck.
6:00 of 1st period - Off-side.
6:01 of 1st period - Colton Sissons wins face-off versus Kyle Brodziak in neutral zone.
6:11 of 1st period - Wrist shot by Ales Hemsky.
6:11 of 1st period - Deflect By Kyle Brodziak.
6:11 of 1st period - Stopped by Craig Anderson without a rebound.
6:12 of 1st period - Alex Galchenyuk wins face-off versus Kyle Brodziak in Jets zone.
6:39 of 1st period - Alec Martinez is hit by Josh Manson and loses puck.
6:56 of 1st period - Colton Sissons is hit by Josh Jooris and loses puck.
7:17 of 1st period - Jay McClement is hit by Mats Zuccarello and loses puck.
7:41 of 1st period - Snap shot by Wayne Simmonds.
7:41 of 1st period - Stopped by Pekka Rinne with a rebound.
8:01 of 1st period - Wrist shot by Ales Hemsky.
8:01 of 1st period - Shot Blocked by Mark Pysyk.
8:42 of 1st period - Snap shot by Jimmy Vesey.
8:42 of 1st period - Deflect By Nathan MacKinnon.
8:42 of 1st period - Stopped by Pekka Rinne with a rebound.
8:54 of 1st period - Wrist shot by Aleksander Barkov.
8:54 of 1st period - Stopped by Craig Anderson with a rebound.
8:56 of 1st period - Wrist shot by Jay Bouwmeester.
8:56 of 1st period - Shot Blocked by Joshua Morrissey.
8:58 of 1st period - Wrist shot by J.T. Miller.
8:58 of 1st period - Stopped by Craig Anderson with a rebound.
9:00 of 1st period - Slapshot by Jay Bouwmeester.
9:00 of 1st period - Stopped by Craig Anderson without a rebound.
9:01 of 1st period - Tomas Plekanec wins face-off versus Alex Galchenyuk in Jets zone.
9:36 of 1st period - Wrist shot by Corey Tropp.
9:36 of 1st period - Shot Misses the Net.
9:52 of 1st period - Snap shot by Aleksander Barkov.
9:52 of 1st period - Stopped by Craig Anderson with a rebound.
9:57 of 1st period - Off-side.
9:58 of 1st period - Tomas Plekanec wins face-off versus Alex Galchenyuk in neutral zone.
10:04 of 1st period - Icing by Alex Galchenyuk.
10:05 of 1st period - Alex Galchenyuk wins face-off versus Tomas Plekanec in Jets zone.
10:05 of 1st period - Alex Galchenyuk is hit by Devante Smith-Pelly.
10:36 of 1st period - Wrist shot by Aleksander Barkov.
10:36 of 1st period - Stopped by Craig Anderson with a rebound.
11:02 of 1st period - Wrist shot by Kyle Brodziak.
11:02 of 1st period - Stopped by Craig Anderson without a rebound.
11:03 of 1st period - Tomas Plekanec wins face-off versus Eric Fehr in Jets zone.
11:12 of 1st period - Minor Penalty to Josh Manson for Tripping.
11:13 of 1st period - Aleksander Barkov wins face-off versus Nathan MacKinnon in Jets zone.
11:45 of 1st period - Nathan MacKinnon is hit by Andrew Ladd and loses puck.
13:12 of 1st period - Penalty to Josh Manson is over, Josh Manson is back on ice.
13:18 of 1st period - Icing by Colton Sissons.
13:19 of 1st period - Colton Sissons wins face-off versus Josh Jooris in Jets zone.
13:42 of 1st period - Matt Moulson is hit by Nathan MacKinnon and loses puck.
14:24 of 1st period - Josh Manson is hit by Mats Zuccarello and loses puck.
14:54 of 1st period - Minor Penalty to Josh Manson for Interference.
14:55 of 1st period - Nathan MacKinnon wins face-off versus Aleksander Barkov in Jets zone.
15:26 of 1st period - Off-side.
15:27 of 1st period - Marian Hossa wins face-off versus Tomas Plekanec in neutral zone.
15:52 of 1st period - Joshua Morrissey is hit by Mats Zuccarello.
16:41 of 1st period - Icing by Ales Hemsky.
16:42 of 1st period - Nathan MacKinnon wins face-off versus Tomas Plekanec in Panthers zone.
16:48 of 1st period - Icing by Andrew Ladd.
16:49 of 1st period - Tomas Plekanec wins face-off versus Nathan MacKinnon in Panthers zone.
16:54 of 1st period - Penalty to Josh Manson is over, Josh Manson is back on ice.
16:56 of 1st period - Snap shot by Andrew Ladd.
16:56 of 1st period - Shot Blocked by Joshua Morrissey.
17:12 of 1st period - Wrist shot by J.T. Miller.
17:12 of 1st period - Stopped by Craig Anderson with a rebound.
17:14 of 1st period - Slapshot by Mats Zuccarello.
17:14 of 1st period - Shot Hit the Post.
17:26 of 1st period - Adam McQuaid is hit by Joshua Morrissey and loses puck.
18:13 of 1st period - Wrist shot by Jimmy Vesey.
18:13 of 1st period - Shot Blocked by Corey Tropp.
19:07 of 1st period - Minor Penalty to Andrew Ladd for Roughing.
19:08 of 1st period - Nathan MacKinnon wins face-off versus Kyle Brodziak in Panthers zone.
19:17 of 1st period - Snap shot by Marian Hossa.
19:17 of 1st period - Stopped by Pekka Rinne with a rebound.
19:49 of 1st period - Slapshot by Troy Brouwer.
19:49 of 1st period - Shot Misses the Net.
19:57 of 1st period - Snap shot by Blake Comeau.
19:57 of 1st period - Stopped by Craig Anderson with a rebound.
Goals for this period are 0 for Panthers vs 0 for Jets.
Shots for this period are 11 for Panthers vs 7 for Jets.

2nd period


0:01 of 2nd period - Nathan MacKinnon wins face-off versus Kyle Brodziak in neutral zone.
0:12 of 2nd period - Slapshot by Wayne Simmonds.
0:12 of 2nd period - Stopped by Pekka Rinne with a rebound.
0:14 of 2nd period - Slapshot by Nathan MacKinnon.
0:14 of 2nd period - Goal by Nathan MacKinnon - Panthers : 0 - Jets : 1.
0:15 of 2nd period - Tomas Plekanec wins face-off versus Nathan MacKinnon in neutral zone.
0:18 of 2nd period - Wrist shot by Andrew Ladd.
0:18 of 2nd period - Shot Misses the Net.
0:30 of 2nd period - Snap shot by Nathan MacKinnon.
0:30 of 2nd period - Deflect By Wayne Simmonds.
0:30 of 2nd period - Stopped by Pekka Rinne without a rebound.
0:31 of 2nd period - Nathan MacKinnon wins face-off versus Aleksander Barkov in Panthers zone.
2:38 of 2nd period - Jakub Kindl is hit by Troy Brouwer and loses puck.
3:03 of 2nd period - Snap shot by Aleksander Barkov.
3:03 of 2nd period - Stopped by Craig Anderson with a rebound.
3:33 of 2nd period - Josh Jooris is hit by Colton Sissons and loses puck.
3:44 of 2nd period - Jakub Kindl is hit by Wayne Simmonds and loses puck.
4:11 of 2nd period - Slapshot by Nathan Beaulieu.
4:11 of 2nd period - Stopped by Craig Anderson without a rebound.
4:12 of 2nd period - Aleksander Barkov wins face-off versus Jay McClement in Jets zone.
4:23 of 2nd period - Wrist shot by J.T. Miller.
4:23 of 2nd period - Stopped by Craig Anderson with a rebound.
4:37 of 2nd period - Wrist shot by Ales Hemsky.
4:37 of 2nd period - Stopped by Craig Anderson without a rebound.
4:38 of 2nd period - Nathan MacKinnon wins face-off versus Kyle Brodziak in Jets zone.
4:55 of 2nd period - Snap shot by Nathan MacKinnon.
4:55 of 2nd period - Shot Blocked by Jay Bouwmeester.
4:57 of 2nd period - Minor Penalty to Adam McQuaid for Hooking.
4:58 of 2nd period - Nathan MacKinnon wins face-off versus Kyle Brodziak in Panthers zone.
5:24 of 2nd period - Kyle Brodziak is hit by Josh Manson and loses puck.
5:29 of 2nd period - Wrist shot by Alex Galchenyuk.
5:29 of 2nd period - Shot Misses the Net.
6:42 of 2nd period - Wrist shot by Andrew Ladd.
6:42 of 2nd period - Goal by Andrew Ladd - Panthers : 1 - Jets : 1.
6:43 of 2nd period - Alex Galchenyuk wins face-off versus Kyle Brodziak in neutral zone.
6:57 of 2nd period - Penalty to Adam McQuaid is over, Adam McQuaid is back on ice.
7:00 of 2nd period - Slapshot by Ales Hemsky.
7:00 of 2nd period - Deflect By Kyle Brodziak.
7:00 of 2nd period - Shot Misses the Net.
7:00 of 2nd period - Puck is out of play.
7:01 of 2nd period - Tomas Plekanec wins face-off versus Nathan MacKinnon in Jets zone.
7:02 of 2nd period - Snap shot by Andrew Ladd.
7:02 of 2nd period - Shot Blocked by Wayne Simmonds.
7:12 of 2nd period - Snap shot by Tomas Plekanec.
7:12 of 2nd period - Stopped by Craig Anderson with a rebound.
7:28 of 2nd period - Eric Fehr is hit by Mats Zuccarello and loses puck.
7:52 of 2nd period - Double Minor Penalty to Corey Tropp for Roughing.
7:53 of 2nd period - Nathan MacKinnon wins face-off versus Kyle Brodziak in Panthers zone.
8:06 of 2nd period - Mark Pysyk is hit by Jay Bouwmeester and loses puck.
8:54 of 2nd period - Adam McQuaid is hit by Nate Prosser.
9:28 of 2nd period - Devante Smith-Pelly is hit by Troy Brouwer and loses puck.
9:59 of 2nd period - Jay Bouwmeester is hit by Nate Prosser and loses puck.
10:16 of 2nd period - Adam McQuaid is hit by Nate Prosser and loses puck.
10:27 of 2nd period - Kyle Brodziak is hit by Joshua Morrissey and loses puck.
10:38 of 2nd period - Snap shot by Frederick Gaudreau.
10:38 of 2nd period - Shot Misses the Net.
11:52 of 2nd period - Penalty to Corey Tropp is over, Corey Tropp is back on ice.
12:12 of 2nd period - Snap shot by Aleksander Barkov.
12:12 of 2nd period - Stopped by Craig Anderson without a rebound.
12:13 of 2nd period - Aleksander Barkov wins face-off versus Jay McClement in Jets zone.
12:18 of 2nd period - Wrist shot by Mats Zuccarello.
12:18 of 2nd period - Stopped by Craig Anderson with a rebound.
12:34 of 2nd period - Wrist shot by Andrew Ladd.
12:34 of 2nd period - Shot Misses the Net.
12:36 of 2nd period - Wrist shot by Devante Smith-Pelly.
12:36 of 2nd period - Shot Misses the Net.
13:29 of 2nd period - Wrist shot by Mats Zuccarello.
13:29 of 2nd period - Shot Blocked by Mark Pysyk.
13:31 of 2nd period - Snap shot by Mats Zuccarello.
13:31 of 2nd period - Deflect By Brett Ritchie.
13:31 of 2nd period - Stopped by Craig Anderson with a rebound.
13:33 of 2nd period - Wrist shot by Mats Zuccarello.
13:33 of 2nd period - Stopped by Craig Anderson without a rebound.
13:34 of 2nd period - J.T. Miller wins face-off versus Jay McClement in Jets zone.
13:39 of 2nd period - Snap shot by Mats Zuccarello.
13:39 of 2nd period - Stopped by Craig Anderson with a rebound.
13:58 of 2nd period - Mats Zuccarello is hit by Joshua Morrissey.
14:33 of 2nd period - Backhand shot by Mats Zuccarello.
14:33 of 2nd period - Stopped by Craig Anderson without a rebound.
14:34 of 2nd period - Nathan MacKinnon wins face-off versus Tomas Plekanec in Jets zone.
14:34 of 2nd period - Nathan MacKinnon is hit by Devante Smith-Pelly.
14:40 of 2nd period - Wrist shot by Wayne Simmonds.
14:40 of 2nd period - Stopped by Pekka Rinne with a rebound.
14:42 of 2nd period - Snap shot by Wayne Simmonds.
14:42 of 2nd period - Shot Blocked by Adam McQuaid.
14:44 of 2nd period - Wrist shot by Mark Pysyk.
14:44 of 2nd period - Shot Misses the Net.
14:46 of 2nd period - Slapshot by Josh Manson.
14:46 of 2nd period - Stopped by Pekka Rinne with a rebound.
14:48 of 2nd period - Snap shot by Wayne Simmonds.
14:48 of 2nd period - Shot Misses the Net.
14:50 of 2nd period - Snap shot by Wayne Simmonds.
14:50 of 2nd period - Stopped by Pekka Rinne with a rebound.
14:56 of 2nd period - Minor Penalty to Adam McQuaid for Elbowing.
14:57 of 2nd period - Nathan MacKinnon wins face-off versus Kyle Brodziak in Panthers zone.
15:13 of 2nd period - Snap shot by Wayne Simmonds.
15:13 of 2nd period - Stopped by Pekka Rinne without a rebound.
15:14 of 2nd period - Alex Galchenyuk wins face-off versus Kyle Brodziak in Panthers zone.
15:53 of 2nd period - Slapshot by Nathan MacKinnon.
15:53 of 2nd period - Goal by Nathan MacKinnon - Panthers : 1 - Jets : 2.
15:54 of 2nd period - Nathan MacKinnon wins face-off versus Tomas Plekanec in neutral zone.
15:57 of 2nd period - Slapshot by Mark Pysyk.
15:57 of 2nd period - Stopped by Pekka Rinne without a rebound.
15:58 of 2nd period - Tomas Plekanec wins face-off versus Nathan MacKinnon in Panthers zone.
16:13 of 2nd period - Wrist shot by Tomas Plekanec.
16:13 of 2nd period - Stopped by Craig Anderson without a rebound.
16:14 of 2nd period - Alex Galchenyuk wins face-off versus Aleksander Barkov in Jets zone.
16:39 of 2nd period - Mark Pysyk is hit by Andrew Ladd.
17:03 of 2nd period - Ales Hemsky is hit by Joshua Morrissey and loses puck.
17:17 of 2nd period - Off-side.
17:18 of 2nd period - Josh Jooris wins face-off versus Alex Galchenyuk in neutral zone.
17:50 of 2nd period - Wrist shot by Tomas Plekanec.
17:50 of 2nd period - Stopped by Craig Anderson with a rebound.
17:52 of 2nd period - Slapshot by Nathan Beaulieu.
17:52 of 2nd period - Stopped by Craig Anderson with a rebound.
19:25 of 2nd period - Jay Bouwmeester is hit by Josh Manson and loses puck.
Goals for this period are 1 for Panthers vs 2 for Jets.
Shots for this period are 15 for Panthers vs 9 for Jets.

3rd period


0:01 of 3rd period - Nathan MacKinnon wins face-off versus Tomas Plekanec in neutral zone.
0:16 of 3rd period - Wrist shot by Nathan MacKinnon.
0:16 of 3rd period - Shot Misses the Net.
0:56 of 3rd period - Wrist shot by Brett Ritchie.
0:56 of 3rd period - Shot Misses the Net.
2:17 of 3rd period - Wrist shot by Nathan MacKinnon.
2:17 of 3rd period - Stopped by Pekka Rinne without a rebound.
2:18 of 3rd period - Tomas Plekanec wins face-off versus Marian Hossa in Panthers zone.
2:18 of 3rd period - Tomas Plekanec is hit by Marian Hossa.
2:29 of 3rd period - Off-side.
2:30 of 3rd period - Alex Galchenyuk wins face-off versus Tomas Plekanec in neutral zone.
2:35 of 3rd period - Wrist shot by Alex Galchenyuk.
2:35 of 3rd period - Stopped by Pekka Rinne without a rebound.
2:36 of 3rd period - Tomas Plekanec wins face-off versus Alex Galchenyuk in Panthers zone.
3:12 of 3rd period - Snap shot by Alex Galchenyuk.
3:12 of 3rd period - Shot Misses the Net.
3:14 of 3rd period - Snap shot by Alex Galchenyuk.
3:14 of 3rd period - Stopped by Pekka Rinne without a rebound.
3:15 of 3rd period - Aleksander Barkov wins face-off versus Nathan MacKinnon in Panthers zone.
3:15 of 3rd period - Aleksander Barkov is hit by Nate Prosser.
3:23 of 3rd period - Snap shot by Wayne Simmonds.
3:23 of 3rd period - Shot Misses the Net.
3:29 of 3rd period - Aleksander Barkov is hit by Wayne Simmonds and loses puck.
3:38 of 3rd period - Nathan MacKinnon is hit by Adam McQuaid and loses puck.
4:18 of 3rd period - Mats Zuccarello is hit by Wayne Simmonds and loses puck.
4:39 of 3rd period - Wrist shot by Wayne Simmonds.
4:39 of 3rd period - Shot Blocked by Jay Bouwmeester.
4:55 of 3rd period - Joshua Morrissey is hit by J.T. Miller and loses puck.
5:53 of 3rd period - J.T. Miller is hit by Wayne Simmonds and loses puck.
6:28 of 3rd period - Wrist shot by J.T. Miller.
6:28 of 3rd period - Shot Misses the Net.
6:30 of 3rd period - Wrist shot by Mats Zuccarello.
6:30 of 3rd period - Shot Blocked by Nate Prosser.
6:32 of 3rd period - Snap shot by Jay Bouwmeester.
6:32 of 3rd period - Stopped by Craig Anderson with a rebound.
6:34 of 3rd period - Slapshot by Jay Bouwmeester.
6:34 of 3rd period - Shot Blocked by Marian Hossa.
6:36 of 3rd period - Slapshot by Adam McQuaid.
6:36 of 3rd period - Deflect By J.T. Miller.
6:36 of 3rd period - Stopped by Craig Anderson without a rebound.
6:37 of 3rd period - Alex Galchenyuk wins face-off versus Tomas Plekanec in Jets zone.
6:50 of 3rd period - Alec Martinez is hit by Josh Manson and loses puck.
7:15 of 3rd period - Mark Pysyk is hit by Fedor Tyutin.
7:21 of 3rd period - Minor Penalty to Kyle Brodziak for Hooking.
7:22 of 3rd period - Alex Galchenyuk wins face-off versus Devante Smith-Pelly in Panthers zone.
7:25 of 3rd period - Wrist shot by Troy Brouwer.
7:25 of 3rd period - Shot Blocked by Alec Martinez.
7:27 of 3rd period - Slapshot by Eric Fehr.
7:27 of 3rd period - Goal by Eric Fehr - Panthers : 1 - Jets : 3.
7:28 of 3rd period - Tomas Plekanec wins face-off versus Alex Galchenyuk in neutral zone.
7:38 of 3rd period - Slapshot by Josh Manson.
7:38 of 3rd period - Shot Misses the Net.
7:59 of 3rd period - Jakub Kindl is hit by Jacob Josefson and loses puck.
8:48 of 3rd period - Brett Ritchie is hit by Blake Comeau and loses puck.
9:19 of 3rd period - Slapshot by Colton Sissons.
9:19 of 3rd period - Shot Misses the Net.
9:21 of 3rd period - Wrist shot by Jimmy Vesey.
9:21 of 3rd period - Stopped by Pekka Rinne without a rebound.
9:22 of 3rd period - Josh Jooris wins face-off versus Alex Galchenyuk in Panthers zone.
9:52 of 3rd period - Icing by Jay Bouwmeester.
9:53 of 3rd period - Alex Galchenyuk wins face-off versus Devante Smith-Pelly in Panthers zone.
10:16 of 3rd period - Wrist shot by Andrew Ladd.
10:16 of 3rd period - Stopped by Craig Anderson without a rebound.
10:17 of 3rd period - Kyle Brodziak wins face-off versus Nathan MacKinnon in Jets zone.
10:18 of 3rd period - Snap shot by Ales Hemsky.
10:18 of 3rd period - Shot Misses the Net.
10:44 of 3rd period - Mark Pysyk is hit by Jakub Kindl and loses puck.
10:51 of 3rd period - Mats Zuccarello is hit by Nathan Paetsch and loses puck.
11:04 of 3rd period - Snap shot by Alex Galchenyuk.
11:04 of 3rd period - Shot Blocked by Fedor Tyutin.
11:14 of 3rd period - Wrist shot by Andrew Ladd.
11:14 of 3rd period - Stopped by Craig Anderson with a rebound.
11:24 of 3rd period - Wrist shot by Alex Galchenyuk.
11:24 of 3rd period - Shot Misses the Net.
11:26 of 3rd period - Snap shot by Nathan Paetsch.
11:26 of 3rd period - Shot Blocked by Nathan Beaulieu.
11:28 of 3rd period - Snap shot by Jimmy Vesey.
11:28 of 3rd period - Stopped by Pekka Rinne without a rebound.
11:29 of 3rd period - Colton Sissons wins face-off versus Aleksander Barkov in Panthers zone.
11:32 of 3rd period - Snap shot by Nathan MacKinnon.
11:32 of 3rd period - Stopped by Pekka Rinne without a rebound.
11:33 of 3rd period - Nathan MacKinnon wins face-off versus Aleksander Barkov in Panthers zone.
12:00 of 3rd period - Jay Bouwmeester is hit by Josh Manson and loses puck.
12:07 of 3rd period - Wrist shot by Jacob Josefson.
12:07 of 3rd period - Deflect By Brett Ritchie.
12:07 of 3rd period - Stopped by Pekka Rinne without a rebound.
12:08 of 3rd period - Aleksander Barkov wins face-off versus Alex Galchenyuk in Panthers zone.
12:21 of 3rd period - Snap shot by Aleksander Barkov.
12:21 of 3rd period - Stopped by Craig Anderson without a rebound.
12:22 of 3rd period - Tomas Plekanec wins face-off versus Nathan MacKinnon in Jets zone.
12:35 of 3rd period - Slapshot by Wayne Simmonds.
12:35 of 3rd period - Stopped by Pekka Rinne with a rebound.
12:37 of 3rd period - Snap shot by Josh Manson.
12:37 of 3rd period - Deflect By Devante Smith-Pelly.
12:37 of 3rd period - Stopped by Pekka Rinne without a rebound.
12:38 of 3rd period - Alex Galchenyuk wins face-off versus Aleksander Barkov in Panthers zone.
12:41 of 3rd period - Snap shot by Alex Galchenyuk.
12:41 of 3rd period - Stopped by Pekka Rinne with a rebound.
12:43 of 3rd period - Snap shot by Josh Manson.
12:43 of 3rd period - Shot Blocked by J.T. Miller.
12:45 of 3rd period - Slapshot by Josh Manson.
12:45 of 3rd period - Stopped by Pekka Rinne with a rebound.
12:47 of 3rd period - Wrist shot by Troy Brouwer.
12:47 of 3rd period - Stopped by Pekka Rinne without a rebound.
12:48 of 3rd period - Aleksander Barkov wins face-off versus Alex Galchenyuk in Panthers zone.
12:48 of 3rd period - Aleksander Barkov is hit by Mark Pysyk.
13:14 of 3rd period - Josh Manson is hit by J.T. Miller and loses puck.
13:21 of 3rd period - Mats Zuccarello is hit by Alex Galchenyuk and loses puck.
13:57 of 3rd period - Mats Zuccarello is hit by Eric Fehr and loses puck.
14:14 of 3rd period - Wrist shot by Alex Galchenyuk.
14:14 of 3rd period - Stopped by Pekka Rinne with a rebound.
14:16 of 3rd period - Snap shot by Eric Fehr.
14:16 of 3rd period - Stopped by Pekka Rinne with a rebound.
14:27 of 3rd period - Minor Penalty to Troy Brouwer for Slashing.
14:28 of 3rd period - Tomas Plekanec wins face-off versus Nathan MacKinnon in Jets zone.
15:24 of 3rd period - Wayne Simmonds is hit by Andrew Ladd and loses puck.
15:39 of 3rd period - Jimmy Vesey is hit by Kyle Brodziak and loses puck.
16:20 of 3rd period - Devante Smith-Pelly is hit by Nathan MacKinnon.
16:27 of 3rd period - Penalty to Troy Brouwer is over, Troy Brouwer is back on ice.
16:34 of 3rd period - Alec Martinez is hit by Troy Brouwer and loses puck.
16:53 of 3rd period - Jay Bouwmeester is hit by Jay McClement and loses puck.
18:02 of 3rd period - Alec Martinez is hit by Mark Pysyk and loses puck.
18:45 of 3rd period - Jimmy Vesey is hit by Adam McQuaid and loses puck.
18:54 of 3rd period - Wrist shot by Corey Tropp.
18:54 of 3rd period - Stopped by Craig Anderson with a rebound.
18:56 of 3rd period - Wrist shot by Adam McQuaid.
18:56 of 3rd period - Stopped by Craig Anderson without a rebound.
18:57 of 3rd period - Aleksander Barkov wins face-off versus Alex Galchenyuk in Jets zone.
19:36 of 3rd period - Nathan MacKinnon is hit by Andrew Ladd and loses puck.
Goals for this period are 0 for Panthers vs 1 for Jets.
Shots for this period are 7 for Panthers vs 15 for Jets.